 Dungeon Crawl Stone Soup version 0.30-a0-165-g1891117ce2 (webtiles) character file.

Game seed: 5469252293362130478

18 qw the Shield-Bearer (level 2, -1/19 HPs)
             Began as a Gargoyle Fighter on Sept 28, 2022.
             Slain by Sigmund
             ... wielding a +2 vorpal scythe
              (2 damage)
             ... on level 2 of the Dungeon.
             The game lasted 00:00:21 (1423 turns).

qw the Shield-Bearer (Gargoyle Fighter)             Turns: 1423, Time: 00:00:22

Health: -1/19      AC:  9    Str: 19    XL:     2   Next: 66%
Magic:  2/2        EV:  9    Int:  8    God:
Gold:   12         SH:  4    Dex:  9    Spells: 1/1 levels left

rFire   . . .      SeeInvis .    Y - +0 war axe
rCold   . . .      Faith    .    c - +0 buckler
rNeg    + . .      Spirit   .    b - +0 scale mail
rPois   inf        Reflect  .    (no helmet)
rElec   +          Harm     .    (no cloak)
rCorr   .          Rampage  .    (no gloves)
Will    .....                    (no boots)
Stlth   ..........               (no amulet)
HPRegen 0.06/turn                (no ring)
MPRegen 0.08/turn                (no ring)

@: about to teleport
A: sickness immunity, AC +2, negative energy resistance 1, electricity
resistance, torment resistance 1, petrification resistance
a: no special abilities


You were on level 2 of the Dungeon.
You visited 1 branch of the dungeon, and saw 2 of its levels.

You collected 12 gold pieces.


Innate Abilities, Weirdness & Mutations

You are immune to sickness and miasma.
Your stone body is resilient. (AC +2)
You are immune to poison.
You resist negative energy. (rN+)
You are resistant to electric shocks. (rElec)
You are resistant to unholy torment.
You are immune to petrification.


   Skills:
 - Level 3.2 Fighting
 + Level 2.9 Axes
 - Level 3.2 Armour
 - Level 3.2 Shields


You had one spell level left.
You didn't know any spells.
Your spell library was empty.

Inventory:

Hand Weapons
 k - a +0 whip
 Y - a +0 war axe (weapon)
Armour
 b - a +0 scale mail (worn)
 c - a +0 buckler (worn)
Scrolls
 e - a scroll of identify {unknown}
Potions
 d - 3 potions of might
 f - a potion of curing {unknown}
 j - a potion of heal wounds {unknown}
 l - a potion of degeneration {unknown}
 m - a potion of lignification {unknown}

Dungeon Overview and Level Annotations

Branches:
Dungeon (2/15)

Altars:

Annotations:
D:2 Sigmund


Message History

Enter note: You miss the frilled lizard.
The frilled lizard bites you but does no damage.
The frilled lizard closely misses you.
You hit the frilled lizard.
You kill the frilled lizard!
a - a scroll of teleportation
e - a scroll labelled KAYMMA XALO
f - a puce potion
d - 3 potions of might (gained 1)
Found a stone staircase leading down.
Enter note: You open the door.
Sigmund the Dreaded comes into view.
He is wielding a +2 vorpal scythe.
Sigmund shouts!
1412 ||| Stepping ~*~*~tactically~*~*~ (hiding).
1413 ||| Stepping ~*~*~tactically~*~*~ (hiding).
You block Sigmund's attack.
Found an escape hatch in the ceiling.
Sigmund hits you with a +2 vorpal scythe!
There is an open door here.
You hit Sigmund but do no damage. Sigmund casts a spell at you.
The magic dart hits you but does no damage.
You closely miss Sigmund. Sigmund barely misses you.
You hit Sigmund but do no damage. Sigmund barely misses you.
You barely miss Sigmund.
Sigmund hits you with a +2 vorpal scythe.
1421 ||| READING scroll of teleportation.
As you read the scroll of teleportation, it crumbles to dust.
You feel strangely unstable.
You barely miss Sigmund. Sigmund gestures at you while chanting.
The magic dart hits you. Sigmund closely misses you.
You slash Sigmund!
Sigmund is heavily wounded.
Sigmund hits you with a +2 vorpal scythe.
You die...

# # # # # # #######
#################.......
................@@......
...##############.......
##.##### .......
.......### .......
###.##.%.########.<.....
.....(..................
#.....##.########.......
#...#.##.# ####+##
#####.##.#


You could see Sigmund.

Vanquished Creatures
  A dart slug (D:1)
  A bat (D:2)
  An endoplasm (D:1)
  A giant cockroach (D:1)
  2 goblins (D:1)
  A hobgoblin (D:1)
  A ball python (D:1)
  3 frilled lizards
  4 kobolds (D:1)
15 creatures vanquished.

Notes
Turn   | Place    | Note
-------+----------+-------------------------------------------
     0 | D:1      | qw the Gargoyle Fighter began the quest for the Orb.
     0 | D:1      | Reached XP level 1. HP: 14/14 MP: 1/1
     0 | D:1      | 0 ||| qw: Version: 0.2-a-12-gaebbb33
     0 | D:1      | 0 ||| qw: Game counter: 807
     0 | D:1      | 0 ||| qw: Always use a shield: true
     0 | D:1      | 0 ||| qw: God list: Okawaru
     0 | D:1      | 0 ||| qw: Allow faded altars: false
     0 | D:1      | 0 ||| qw: Do Orc after D:15 true
     0 | D:1      | 0 ||| qw: Do second Lair branch before Depths: true
     0 | D:1      | 0 ||| qw: Lair rune preference: random
     0 | D:1      | 0 ||| qw: Plans: Normal, Zot:1-4, God:TSO, Crypt, Tomb,
                  | Pan, Slime:5, Hells, Abyss, Orb
     0 | D:1      | 0 ||| PLANNING D:1-11
   258 | D:1      | 258 ||| DROPPING +0 club.
   343 | D:1      | Reached XP level 2. HP: 8/19 MP: 2/2
  1146 | D:1      | 1146 ||| READING 2 scrolls labelled VUROANT AHOXZI.
  1147 | D:1      | 1147 ||| READING scroll labelled GEDUXK VIGGI.
  1148 | D:1      | 1148 ||| READING scroll labelled MEM DEINAXIAF.
  1152 | D:1      | 1152 ||| READING scroll labelled HEMODI PUZUQOSS.
  1153 | D:1      | 1153 ||| READING scroll labelled MUTAOW BAKU.
  1154 | D:1      | 1154 ||| DROPPING scroll of amnesia.
  1411 | D:2      | Noticed Sigmund
  1412 | D:2      | 1412 ||| Stepping ~*~*~tactically~*~*~ (hiding).
  1413 | D:2      | 1413 ||| Stepping ~*~*~tactically~*~*~ (hiding).
  1420 | D:2      | HP: 3/19 [Sigmund/+2 vorpal scythe (2)]
  1421 | D:2      | 1421 ||| READING scroll of teleportation.
  1422 | D:2      | HP: 1/19 [Sigmund/magic dart (3)]
  1423 | D:2      | Slain by Sigmund

Levels and vault maps discovered:
D:1:      minmay_arrival_shattered_statue, layout_basic, hex_medium
D:2:      layout_basic, uniq_sigmund, uniq_jessica, uniq_robin

Skill      XL: |  1 |
---------------+----+-----
Axes           | 2 |  2.9
Fighting       | |  3.2
Armour         | |  3.2
Shields        | |  3.2

Action                   || total
-------------------------++-------
Melee: War axe           ||    62
  Use: Scroll            ||     6
Armor: Scale mail        ||    29
Dodge: Dodged            ||    31
Block: Buckler           ||    12

Table legend:
 A = Non-vault XP
 B = Vault XP
 C = Vault XP percentage of total XP
 D = Non-vault monster count
 E = Vault monster count
 F = Vault count percentage of total count
                 A         B        C        D         E       F
            +---------+---------+-------+---------+---------+-------
      Total |      26 |       0 |   0.0 |      15 |       0 |   0.0
            +---------+---------+-------+---------+---------+-------
        D:1 |      22 |       0 |   0.0 |      12 |       0 |   0.0
        D:2 |       4 |       0 |   0.0 |       3 |       0 |   0.0
            +---------+---------+-------+---------+---------+-------
